 Dungeon Crawl Stone Soup version 0.27-a0-492-ga4bb394fd4 (webtiles) character file.

Game seed: 4676682461108803571

174 Gaff the Sneak (level 5, -4/31 HPs)
             Began as a Kobold Brigand on Mar 2, 2021.
             Was a Believer of Uskayaw.
             Slain by Sigmund
             ... wielding a +0 scythe
              (8 damage)
             ... on level 4 of the Dungeon.
             The game lasted 00:09:16 (3632 turns).

Gaff the Sneak (Kobold Brigand)                     Turns: 3632, Time: 00:09:17

Health: -4/31      AC:  9    Str: 13 (15) XL:     5   Next: 84%
Magic:  5/5        EV: 13    Int: 11 (12) God:    Uskayaw [**....]
Gold:   170        SH:  4    Dex: 15 (17) Spells: 4/4 levels left

rFire    . . .     SeeInvis .   a - +2 dagger
rCold    . . .     Faith    .   n - +0 buckler {rN+}
rNeg     + + .     Spirit   .   t - +2 ring mail {rN+}
rPois    .         Reflect  .   y - +1 hat {Will+}
rElec    .         Harm     .   c - +0 cloak
rCorr    .         Rampage  .   (no gloves)
Will     ++...                  (no boots)
Stlth    ++++......             (no amulet)
HPRegen  0.10/turn              k - ring of willpower
MPRegen  0.09/turn              A - +6 ring of strength

@: attractive
A: small, nightstalker 3
a: Renounce Religion, Stomp, Line Pass


You were on level 4 of the Dungeon.
You worshipped Uskayaw.
Uskayaw was noncommittal.
You visited 1 branch of the dungeon, and saw 4 of its levels.

You collected 170 gold pieces.

Inventory:

Hand Weapons
 a - a +2 dagger (weapon)
Missiles
 d - 8 poisoned darts (quivered)
 e - 2 curare-tipped darts
Armour
 b - a +0 robe
 c - a +0 cloak (worn)
 n - a +0 buckler of positive energy (worn)
 o - a +0 leather armour
 t - a +2 ring mail of positive energy (worn)
 y - a +1 hat of willpower (worn)
Jewellery
 k - a ring of willpower (left hand)
 s - a ring of magical power
 v - a ring of magical power
 A - a +6 ring of strength (right hand)
Wands
 q - a wand of paralysis (4)
Scrolls
 f - a scroll of identify {unknown}
 g - 3 scrolls of immolation {unknown}
 l - 2 scrolls of teleportation {unknown}
 m - a scroll of blinking {unknown}
 p - 3 scrolls of fog {unknown}
 x - a scroll of enchant armour {unknown}
 B - a scroll of enchant weapon {unknown}
Potions
 h - a potion of flight {unknown}
 i - a potion of berserk rage {unknown}
 j - a potion of attraction
 u - a potion of curing {unknown}
 w - a potion of haste {unknown}
 z - a potion of brilliance {unknown}


   Skills:
 + Level 2.5 Fighting
 + Level 4.2 Short Blades
 + Level 2.2 Throwing
 + Level 1.0 Armour
 * Level 2.8 Dodging
 - Level 7.0 Stealth
 + Level 0.2 Shields


You had 4 spell levels left.
You didn't know any spells.
Your spell library was empty.

Dungeon Overview and Level Annotations

Branches:
Dungeon (4/15)
 Temple: D:4-7

Altars:
Nemelex Xobeh
Ru
Uskayaw
Yredelemnul
Zin
The Shining One

Annotations:
D:4 Sigmund


Innate Abilities, Weirdness & Mutations

You are small and have problems with some larger weapons.
You are completely attuned to the shadows.


Message History

You barely miss Sigmund.
Sigmund is moderately wounded.
You block Sigmund's attack.
You closely miss Sigmund.
Sigmund is moderately wounded.
You block Sigmund's attack.
You barely miss Sigmund.
Sigmund is moderately wounded.
You hit Sigmund.
Sigmund is moderately wounded.
Sigmund hits you with a +0 scythe.
You hit Sigmund.
Sigmund is moderately wounded.
You hit Sigmund.
Sigmund is heavily wounded.
Sigmund closely misses you.
You can now pass through a line of other dancers.
You closely miss Sigmund.
Sigmund is heavily wounded.
You hit Sigmund.
Sigmund is heavily wounded.
Sigmund casts a spell at you. The magic dart hits you!
* * * LOW HITPOINT WARNING * * *
You hit Sigmund but do no damage.
Sigmund is heavily wounded.
Sigmund says, "Don't worry, I'll kill you fast."
Sigmund barely misses you.
Okay, then.
You hit Sigmund but do no damage.
Sigmund is heavily wounded.
It was a potion of attraction.
You feel attractive to monsters. Sigmund hits you with a +0 scythe.
* * * LOW HITPOINT WARNING * * *
It was a potion of degeneration.
There was something very wrong with that liquid.
You feel weakened.
You feel dopey.
You feel clumsy. Sigmund hits you with a +0 scythe!
You die...

#.....#.
.#.......
.........
....@....
..##@.....
....).....
..........
........#
........###
........#..
...........
##......<..
..........


You could see Sigmund.

Vanquished Creatures
  A hound skeleton (D:4)
  A gnoll (D:1)
  3 adders
  5 dart slugs
  3 worms
  A leopard gecko (D:3)
  9 orcs (D:3)
  5 giant cockroaches
  7 goblins
  12 hobgoblins
  5 jackals
  12 kobolds
  2 quokkas
  12 bats
  5 frilled lizards
  10 rats
93 creatures vanquished.

Notes
Turn   | Place    | Note
-------+----------+-------------------------------------------
     0 | D:1      | Gaff the Kobold Brigand began the quest for the Orb.
     0 | D:1      | Reached XP level 1. HP: 12/12 MP: 1/1
   120 | D:1      | Reached XP level 2. HP: 14/18 MP: 2/2
   271 | D:1      | Reached skill level 6 in Stealth
   553 | D:1      | Reached XP level 3. HP: 22/22 MP: 3/3
  1225 | D:2      | Reached skill level 7 in Stealth
  1225 | D:2      | Reached XP level 4. HP: 23/27 MP: 4/4
  1912 | D:2      | Found a sparkling altar of Nemelex Xobeh.
  2112 | D:3      | Reached XP level 5. HP: 31/31 MP: 5/5
  2365 | D:3      | Found a glowing silver altar of Zin.
  3465 | D:3      | Found a hide-covered altar of Uskayaw.
  3469 | D:3      | Became a worshipper of Uskayaw the Reveller
  3471 | D:3      | Found a glowing golden altar of the Shining One.
  3472 | D:3      | Found a sacrificial altar of Ru.
  3473 | D:3      | Found a basalt altar of Yredelemnul.
  3555 | D:4      | Reached skill level 1 in Armour
  3557 | D:4      | Reached * piety under Uskayaw
  3608 | D:4      | Noticed Sigmund
  3626 | D:4      | Reached ** piety under Uskayaw
  3632 | D:4      | Slain by Sigmund

Illustrated notes

Levels and vault maps discovered:
D:1:      ncdulo_halloftheorcs, layout_basic, minmay_tall_x
D:2:      layout_rooms, nemelex_spade_bored_becter
D:3:      layout_loops_ring, zin_academy, minitemple, serial_co_window_serial,
          co_window_of_opportunity_a, co_window_of_opportunity_a,
          co_window_paths_a, co_window_corner_a, co_window_corner_a,
          co_window_unsneaky_path_b, co_window_2corner, co_window_corner_b,
          co_window_4corner_b, glass_columns_b, glass_columns_c,
          glass_columns_a, glass_columns_c
D:4:      layout_cave_pools, uniq_sigmund, uniq_blork_the_orc

Skill      XL: |  1  2  3  4  5 |
---------------+----------------+-----
Stealth        | 6 7 |  7.0
Short Blades   | 3 4 |  4.2
Dodging        | 2 |  2.8
Armour         | 1 |  1.0
Fighting       | |  2.5
Throwing       | |  2.2
Shields        | |  0.2

Action                   |  1- 3 |  4- 6 || total
-------------------------+-------+-------++-------
Melee: Dagger            |    87 |   207 ||   294
  Use: Potion            |       |     2 ||     2
 Stab: Sleeping          |    12 |    34 ||    46
       Distracted        |       |     2 ||     2
Armor: Robe              |     9 |     1 ||    10
       Leather armour    |       |     4 ||     4
       Ring mail         |       |    38 ||    38
Dodge: Dodged            |    53 |    87 ||   140
Block: Buckler           |       |    28 ||    28

Table legend: (Time is in decaauts)
 A = Elapsed time spent in this place.
 B = Non-inter-level travel time spent in this place.
 C = Inter-level travel time spent in this place.
 D = Time resting spent in this place.
 E = Time spent auto-exploring this place.
 F = Levels seen in this place.
 G = Mean time per level.
                   A        B        C        D        E       F      G
               +--------+--------+--------+--------+--------+-----+--------+
         Total |   3595 |   3453 |    142 |    829 |   1651 |   4 |  898.8 |
       Dungeon |   3595 |   3453 |    142 |    829 |   1651 |   4 |  898.8 |
               +--------+--------+--------+--------+--------+-----+--------+

Top non-repeatable levels by time:
     D:3: 1444 daAuts
     D:1: 1346 daAuts
     D:2: 729 daAuts
     D:4: 75 daAuts
